 Dungeon Crawl Stone Soup version 0.31-a0-263-ge8cad7f256 (webtiles) character file.

Game seed: 2996536567608207046

215 qw the Shooter (level 5, -2/45 HPs)
             Began as a Minotaur Hexslinger on July 13, 2023.
             Slain by a mummy (18 damage)
             ... in an ossuary.
             The game lasted 00:01:06 (2805 turns).

qw the Shooter (Minotaur Hexslinger)                Turns: 2805, Time: 00:01:06

Health: -2/45      AC:  5    Str: 12    XL:     5   Next: 60%
Magic:  5/5        EV: 11    Int: 10    God:
Gold:   136        SH:  5    Dex: 18    Spells: 5/6 levels left

rFire   + . .        Y - +1 sling
rCold   + . .        (no shield)
rNeg    . . .        h - +0 ring mail
rPois   +            (helmet restricted)
rElec   .            o - scarf of Eternal Night {shadows, rC+ Dex+3}
rCorr   +            (no gloves)
SInv    .            (no boots)
Will    .....        a - amulet of Vulu {Reflect Fly rPois rC+ SH+5}
Stlth   +            e - ring of fire
HPRegen 0.27/turn    p - ring of resist corrosion
MPRegen 0.09/turn

%: reflection
@: flying
A: horns 2, retaliatory headbutt
a: no special abilities


You were in an ossuary.
You visited 1 branch of the dungeon, and saw 4 of its levels.
You also visited: Ossuary.

You collected 136 gold pieces.


Innate Abilities, Weirdness & Mutations

You have a pair of horns on your head.
You reflexively headbutt those who attack you in melee.


   Skills:
 - Level 3.0 Fighting
 + Level 5.8 Ranged Weapons
 - Level 1.0 Armour
 - Level 2.1 Dodging
 - Level 1.0 Spellcasting
 - Level 2.0 Hexes


You had 5 spell levels left.
You knew the following spells:

 Your Spells              Type           Power      Damage    Failure   Level
a - Slow                  Hex            16%        N/A       34%         1

Your spell library contained the following spells:

 Spells                   Type           Power      Damage    Failure   Level
 Inner Flame              Hex/Fire       3%         N/A       83%         3
 Portal Projectile        Hex/Tloc       4%         N/A       83%         3
 Cause Fear               Hex            2%         N/A       98%         4

Inventory:

Hand Weapons
 Y - a +1 sling (weapon)
Armour
 d - the scarf of Hysteria {rC+ rF+, +Inv rPois Regen+ Int-3 Dex-4}
   (You acquired it on level 1 of the Dungeon)

   Int:       It affects your intelligence (-3).
   Dex:       It affects your dexterity (-4).
   rPois:     It protects you from poison.
   +Inv:      It lets you turn invisible.
   Regen:     It increases your rate of health regeneration.
 h - a +0 ring mail (worn)
 o - the scarf of Eternal Night (worn) {shadows, rC+ Dex+3}
   (You found it on level 2 of the Dungeon)

   Dex:       It affects your dexterity (+3).
   rC:        It protects you from cold.
Jewellery
 a - the amulet of Vulu (around neck) {Reflect Fly rPois rC+ SH+5}
   (You acquired it on level 1 of the Dungeon)

   [amulet of reflection]

   It reflects blocked missile attacks.
   rC:        It protects you from cold.
   rPois:     It protects you from poison.
   Fly:       It grants you flight.
   SH:        It affects your SH (+5).
 e - a ring of fire (left hand)
 p - a ring of resist corrosion (right hand)
Scrolls
 g - a scroll of identify
 l - a scroll of enchant armour
 n - a scroll of teleportation
Potions
 b - 2 potions of haste
 c - a potion of resistance
 f - a potion of magic {unknown}
 i - a potion of curing
 j - a potion of lignification {unknown}
 k - 2 potions of enlightenment
 m - a potion of heal wounds {unknown}

Dungeon Overview and Level Annotations

Branches:
Dungeon (4/15)            Ossuary (1/1)
 Temple: D:4-7

Altars:

Annotations:
D:2 1 runed translucent door, Crazy Yiuf


Message History

The mummy closely misses you.
You shoot a sling bullet.
The sling bullet hits the kobold zombie but does no damage.
The kobold zombie is moderately damaged.
The kobold zombie hits you but does no damage.
The kobold zombie misses you. You furiously retaliate!
You headbutt the kobold zombie! The mummy barely misses you.
You shoot a sling bullet.
The sling bullet hits the kobold zombie.
You destroy the kobold zombie!
The kobold zombie barely misses you. The mummy hits you. The mummy hits you!
You shoot a sling bullet.
The sling bullet barely misses the kobold zombie.
You block the kobold zombie's attack.
A kobold zombie comes into view.
The mummy hits you!
You shoot a sling bullet.
The sling bullet hits the kobold zombie.
The kobold zombie is moderately damaged.
The kobold zombie closely misses you. The mummy hits you. x2
You shoot a sling bullet.
The sling bullet hits the kobold zombie.
The kobold zombie is severely damaged.
The kobold zombie barely misses you. You block the mummy's attack. x2
You shoot a sling bullet.
The sling bullet barely misses the kobold zombie.
The kobold zombie hits you but does no damage.
The kobold zombie closely misses you. The mummy closely misses you.
You furiously retaliate!
You headbutt the mummy, but do no damage.
You shoot a sling bullet.
The sling bullet hits the kobold zombie.
You destroy the kobold zombie!
The kobold zombie barely misses you. The mummy closely misses you.
You furiously retaliate!
You headbutt the mummy! You shoot a sling bullet.
The sling bullet hits the mummy!
The mummy is almost destroyed.
The kobold zombie hits you. The mummy closely misses you.
You furiously retaliate!
You headbutt the mummy! The mummy hits you!!
You die...

.........
.........
#........
#......
#....#
#..ZM#
#..M@#
#....#
#....#
#....#
#....#
#....#
#.\\.#
######


You could see 2 mummies and a kobold zombie.

Vanquished Creatures
  Jessica (D:3)
  Natasha (twice) (D:2)
  2 mummies (Ossuary)
  5 adders
  A worm (D:2)
  2 dart slugs
  An orc (D:3)
  7 ball pythons
  5 endoplasms
  3 giant cockroaches
  10 goblins
  4 hobgoblins
  2 quokkas
  6 bats
  2 frilled lizards (D:1)
  4 hobgoblin zombies (Ossuary)
  6 kobolds
  2 kobold zombies (Ossuary)
  4 rats
69 creatures vanquished.

Notes
Turn   | Place    | Note
-------+----------+-------------------------------------------
     0 | D:1      | qw the Minotaur Hexslinger began the quest for the Orb.
     0 | D:1      | Reached XP level 1. HP: 16/16 MP: 1/1
     0 | D:1      | 0 ||| qw: Version: 0.3-a-52-g30416fa
     0 | D:1      | 0 ||| qw: Game counter: 7287
     0 | D:1      | 0 ||| qw: Melee chars always use a shield: true
     0 | D:1      | 0 ||| qw: God list: Okawaru
     0 | D:1      | 0 ||| qw: Allow faded altars: false
     0 | D:1      | 0 ||| qw: Do Orc after clearing Dungeon:15 true
     0 | D:1      | 0 ||| qw: Do second Lair branch before Depths: true
     0 | D:1      | 0 ||| qw: Lair rune preference: random
     0 | D:1      | 0 ||| qw: Goals: Normal
     0 | D:1      | 0 ||| PLANNING D:1-11
    62 | D:1      | HP: 4/16 [goblin/+0 club (2)]
   170 | D:1      | Reached skill level 3 in Ranged Weapons
   170 | D:1      | Reached XP level 2. HP: 15/23 MP: 2/2
   243 | D:1      | 243 ||| UPGRADING to +0 ring mail.
   259 | D:1      | 259 ||| DROPPING +0 robe.
   911 | D:1      | 911 ||| READING scroll labelled HEDIR CEAZI.
   915 | D:1      | 915 ||| READING scroll labelled VUFOKH NERHUTA.
   916 | D:1      | 916 ||| READING scroll labelled QEADEUSYERU.
   917 | D:1      | 917 ||| READING scroll labelled INUIROS LAUSS.
   918 | D:1      | 918 ||| READING scroll labelled ZUPTICUOFO.
   919 | D:1      | 919 ||| READING 2 scrolls labelled NAONYNKIOGE.
   919 | D:1      | Identified 2 scrolls of acquirement
   919 | D:1      | 919 ||| ACQUIRING amulet of Vulu {Reflect Fly rPois rC+
                  | SH+5}
   919 | D:1      | Acquired the amulet of Vulu {Reflect Fly rPois rC+ SH+5}
   921 | D:1      | 921 ||| UPGRADING to amulet of Vulu {Reflect Fly rPois rC+
                  | SH+5}.
   926 | D:1      | 926 ||| READING scroll of acquirement.
   926 | D:1      | 926 ||| ACQUIRING scarf of Hysteria {rC+ rF+, +Inv rPois
                  | Regen+ Int-3 Dex-4}
   926 | D:1      | Acquired the scarf of Hysteria {rC+ rF+, +Inv rPois Regen+
                  | Int-3 Dex-4}
   928 | D:1      | 928 ||| UPGRADING to scarf of Hysteria {rC+ rF+, +Inv rPois
                  | Regen+ Int-3 Dex-4}.
   933 | D:1      | 933 ||| DRINKING 2 smoky pink potions.
   934 | D:1      | 934 ||| DROPPING scroll of poison.
  1086 | D:2      | Reached XP level 3. HP: 29/29 MP: 3/3
  1130 | D:2      | Reached skill level 4 in Ranged Weapons
  1159 | D:2      | Reached skill level 1 in Armour
  1384 | D:2      | Reached XP level 4. HP: 31/36 MP: 4/4
  1491 | D:2      | Noticed Natasha
  1498 | D:2      | Killed Natasha
  1579 | D:2      | Identified the scarf of Eternal Night {shadows, rC+ Dex+3}
  1616 | D:2      | Noticed Natasha
  1631 | D:2      | Killed Natasha
  1632 | D:2      | Reached skill level 5 in Ranged Weapons
  1657 | D:2      | Found a runed translucent door.
  1658 | D:2      | Noticed Crazy Yiuf
  1748 | D:2      | 1748 ||| UPGRADING to scarf of Eternal Night {shadows, rC+
                  | Dex+3}.
  1758 | D:2      | 1758 ||| UPGRADING to ring of fire.
  1759 | D:2      | 1759 ||| READING scroll labelled PIRUIVV YNLE.
  1760 | D:2      | 1760 ||| DRINKING 3 orange potions.
  1761 | D:2      | 1761 ||| DRINKING 2 fuming black potions.
  1762 | D:2      | 1762 ||| READING 2 scrolls of identify.
  1762 | D:2      | 1762 ||| IDENTIFYING white potion
  2346 | D:3      | Noticed Jessica
  2352 | D:3      | Killed Jessica
  2353 | D:3      | Reached skill level 3 in Fighting
  2353 | D:3      | Reached XP level 5. HP: 45/45 MP: 5/5
  2741 | D:3      | 2741 ||| UPGRADING to ring of resist corrosion.
  2747 | D:4      | Found a sand-covered staircase.
  2748 | D:4      | 2748 ||| PLANNING OSSUARY
  2748 | D:4      | 2748 ||| STAIRDANCE
  2753 | D:4      | 2753 ||| STAIRDANCE
  2761 | Ossuary  | Entered an ossuary
  2805 | Ossuary  | Slain by a mummy

Levels and vault maps discovered:
D:1:      pf_arrival_petrified_forest, layout_basic, nicolae_the_louvre
D:2:      layout_loops_ring, uniq_natasha, uniq_crazy_yiuf_cottage
D:3:      minmay_chambers_of_twos, layout_basic, serial_bayou_lagoon_b,
          uniq_jessica
D:4:      layout_rooms, nicolae_ossuary_entry_monument,
          hangedman_abyss_or_decor_stabs, minivault_4, uniq_ijyb
Ossuary:  ossuary_tomb_3

Skill      XL: |  1  2  3  4 |
---------------+-------------+-----
Ranged Weapons | 3 4 5 |  5.8
Fighting       | 2 3 |  3.0
Armour         | 1 |  1.0
Dodging        | |  2.1
Spellcasting   | |  1.0
Hexes          | |  2.0

Action                     |  1- 3 |  4- 6 || total
---------------------------+-------+-------++-------
   Fire: Sling             |   142 |   113 ||   255
    Use: Scroll            |     7 |     2 ||     9
         Potion            |     1 |     2 ||     3
 Armour: Robe              |     2 |       ||     2
         Ring mail         |    33 |    22 ||    55
  Dodge: Dodged            |    56 |    43 ||    99
  Block: Other             |    17 |    14 ||    31
         Reflection        |     1 |       ||     1

Table legend:
 A = Non-vault XP
 B = Vault XP
 C = Vault XP percentage of total XP
 D = Non-vault monster count
 E = Vault monster count
 F = Vault count percentage of total count
                 A         B        C        D         E       F
            +---------+---------+-------+---------+---------+-------
      Total |     157 |     151 |  49.0 |      51 |      18 |  26.1
            +---------+---------+-------+---------+---------+-------
        D:1 |      32 |       0 |   0.0 |      19 |       0 |   0.0
        D:2 |     103 |      35 |  25.4 |      21 |       1 |   4.5
        D:3 |      19 |      74 |  79.6 |       9 |       9 |  50.0
        D:4 |       3 |       0 |   0.0 |       2 |       0 |   0.0
    Ossuary |       0 |      42 | 100.0 |       0 |       8 | 100.0
            +---------+---------+-------+---------+---------+-------
